 Dungeon Crawl Stone Soup version 0.31.0-11-ge490571c62 (webtiles) character file.

Game seed: 9556898731513360120

2850 RancidPinata the Changeling (level 9, -12/92 HPs)
             Began as a Troll Shapeshifter on Jan 26, 2024.
             Was an Initiate of Ru.
             Mangled by an orc warrior
             ... wielding a +0 war axe
              (25 damage)
             ... in a bailey.
             The game lasted 00:32:58 (6499 turns).

RancidPinata the Changeling (Troll Shapeshifter)    Turns: 6499, Time: 00:32:59

Health: -12/92     AC:  4    Str: 24    XL:     9   Next: 46%
Magic:  8/8        EV: 11    Int:  8    God:    Ru [......]
Gold:   482        SH:  0    Dex: 11    Spells: 8/8 levels left

rFire   . .          .
                       - Unarmed
rCold   . . .        i - orb {mayhem}
rNeg    . . .        a - +0 animal skin
rPois   +            (helmet currently unavailable)
rElec   .            E - melded +0 cloak
rCorr   .            (gloves unavailable)
SInv    .            (boots unavailable)
Will    .....        p - amulet of the acrobat
Stlth   +            g - ring of poison resistance
HPRegen 1.15/turn    (no ring)
MPRegen 0.11/turn

%: mayhem, acrobat
@: beast-form
A: beast (slay +4), large, unfitting armour, claws 3, regeneration 1, shaggy fur
1, tough skin 1
a: Begin Untransformation, Renounce Religion


You were in a bailey.
You worshipped Ru.
Ru was noncommittal.
You were a hulking beast.
You visited 2 branches of the dungeon, and saw 8 of its levels.
You also visited: Bailey.

You collected 482 gold pieces.

Inventory:

Missiles
 e - 43 stones (quivered)
 o - 10 boomerangs
 r - 3 poisoned darts
 x - 2 javelins
 y - 3 large rocks
 D - 2 throwing nets
Armour
 a - a +0 animal skin (worn)
 i - an orb of mayhem (worn)
 E - a +0 cloak (melded)
 G - an orb of wrath
Jewellery
 g - a ring of poison resistance (left claw)
 p - an amulet of the acrobat (around neck)
 q - a ring of willpower
Talismans
 c - a beast talisman (active)
 d - a flux talisman
Wands
 A - a wand of flame (22)
Scrolls
 j - 2 scrolls of enchant armour
 k - a scroll of poison {unknown}
 m - 2 scrolls of teleportation
 n - a scroll of amnesia {unknown}
 u - a scroll of identify
 v - a scroll of butterflies {unknown}
 w - a scroll of vulnerability {unknown}
 z - a scroll of revelation
 C - 2 scrolls of noise
 F - a scroll of silence {unknown}
Potions
 b - 3 potions of lignification
 f - 2 potions of curing
 h - a potion of mutation
 l - a potion of resistance
 s - a potion of might {unknown}
 t - 2 potions of brilliance {unknown}
 B - a potion of heal wounds {unknown}
 H - a potion of cancellation {unknown}


   Skills:
 * Level 6.4 Fighting
 + Level 4.5 Dodging
 + Level 5.9 Unarmed Combat
 * Level 7.7 Shapeshifting


You had 8 spell levels left.
You didn't know any spells.
Your spell library contained the following spells:

 Spells                   Type           Power      Damage    Failure   Level
 Blink                    Tloc           0%         N/A       54%         2
 Lesser Beckoning         Tloc           0%         N/A       54%         2
 Momentum Strike          Conj/Tloc      0%         3d8       54%         2
 Ozocubu's Armour         Ice            0%         N/A       78%         3
 Metabolic Englaciation   Hex/Ice        0%         N/A       100%        5
 Sculpt Simulacrum        Ice/Alch       0%         N/A       100%        6


Dungeon Overview and Level Annotations

Branches:
Dungeon (7/15)             Temple (1/1) D:4          Bailey (1/1)

Altars:
Ashenzari
Cheibriados
Elyvilon
Gozag
Hepliaklqana
Makhleb
Nemelex Xobeh
Okawaru
Qazlal
Ru
Sif Muna
Trog
Vehumet
Wu Jian
Xom
Zin
The Shining One


Innate Abilities, Weirdness & Mutations

You are a hulking beast.
Your limbs bulge with bestial killing power. (Slay +4)
You are too large for most types of armour.
You have claws for hands.
Your natural rate of healing is unusually fast.
You are covered in fur. (AC +1)
You have tough skin. (AC +1)


Message History

The hobgoblin hits the orc warrior with a +0 hand axe!
The orc barely misses the orc warrior.
The orc warrior hits the orc with a +0 war axe!!
The orc dies!
The orc warrior barely misses the hobgoblin.
The orc warrior hits the orc warrior but does no damage.
You scratch the orc warrior.
The orc warrior is severely wounded.
The orc warrior hits the orc warrior with a +0 war axe!!
The orc warrior dies!
The orc warrior barely misses the hobgoblin.
The hobgoblin barely misses the orc warrior.
Found an inky potion.
The orc warrior barely misses the hobgoblin.
The orc warrior hits the hobgoblin with a +0 war axe!
The hobgoblin dies!
The hobgoblin hits the orc warrior with a +0 hand axe.
Things that are here:
a +0 war axe; a +0 plate armour; an orc corpse The orc warrior hits the orc warrior with a +0 war axe!
The orc warrior hits the hobgoblin with a +0 war axe!
The hobgoblin dies!
The orc warrior barely misses the orc warrior.
The orc warrior hits the orc warrior with a +0 war axe.
The orc warrior shouts!
The orc warrior barely misses you.
The orc warrior hits the orc warrior with a +0 war axe!
The orc warrior dies!
You claw the orc warrior!
The orc warrior is almost dead.
The orc warrior hits you with a +0 war axe!
You closely miss the orc warrior.
The orc warrior is almost dead.
The orc warrior hits you with a +0 war axe!
* * * LOW HITPOINT WARNING * * *
The orc warrior hits you with a +0 war axe!
* * * LOW HITPOINT WARNING * * *
You feel better.
The orc warrior hits you with a +0 war axe!!
You die...

!... .... .....
..... #######
....⌠. #####
##.....##))....
##....
#......ho.)....
+.....
##......)##.....
##.....
#.........# ...
#......
##.........## 8
##......
#.....⌠.....#
#.....⌠.
##.........##
##......
#.........#
#......
##..)....##
##.....
#..)....# #.....


You could see a neutral orc warrior (fast, strong, frenzied).

Vanquished Creatures
  Grinder (D:6)
  Prince Ribbit (D:5)
  6 orc warriors (Bailey)
  3 ice beasts
  A centaur (D:7)
  2 phantoms
  2 bullfrogs (D:6)
  Blork the orc (D:6)
  A gnoll sergeant (D:6)
  A howler monkey (D:4)
  5 bombardier beetles
  4 hounds
  An orc priest (D:6)
  Crazy Yiuf (D:6)
  3 sleepcaps
  2 orc wizards
  12 gnolls
  7 adders
  A shadow imp (D:6)
  A white imp (D:5)
  4 dart slugs
  A ribbon worm (D:4)
  14 orcs
  6 bats
  5 endoplasms
  3 giant cockroaches
  14 goblins
  9 hobgoblins
  2 jackals (D:3)
  3 quokkas
  8 ball pythons
  3 frilled lizards
  5 kobolds
  2 rats (D:1)
135 creatures vanquished.

Vanquished Creatures (collateral kills)
  Eustachio (D:5)
  2 orc warriors (Bailey)
  A sleepcap (D:6)
  4 gnolls
  3 orcs (Bailey)
  5 goblins
  4 hobgoblins
  A kobold (D:2)
21 creatures vanquished.

Vanquished Creatures (others)
  An orc warrior (Bailey)
  2 orcs (Bailey)
  A hobgoblin (Bailey)
4 creatures vanquished.

Grand Total: 160 creatures vanquished

Notes
Turn   | Place    | Note
-------+----------+-------------------------------------------
     0 | D:1      | RancidPinata the Troll Shapeshifter began the quest for the
                  | Orb.
     0 | D:1      | Reached XP level 1. HP: 18/18 MP: 0/0
   117 | D:2      | Reached skill level 1 in Fighting
   117 | D:2      | Reached XP level 2. HP: 24/27 MP: 1/1
   175 | D:2      | Reached XP level 3. HP: 34/35 MP: 2/2
   293 | D:3      | Noticed an ice beast
   681 | D:2      | Reached XP level 4. HP: 22/42 MP: 3/3
   711 | D:2      | HP: 2/42 [gnoll/+0 spear (12)]
  1858 | D:2      | Killed an ice beast
  1859 | D:2      | Reached skill level 4 in Shapeshifting
  1859 | D:2      | Reached XP level 5. HP: 42/50 MP: 4/4
  2783 | D:4      | Reached XP level 6. HP: 59/59 MP: 5/5
  2794 | D:4      | Found a staircase to the Ecumenical Temple.
  2804 | Temple   | Entered the Ecumenical Temple
  2910 | Temple   | Became a worshipper of Ru the Awakened
  3126 | D:4      | Identified the +1 helmet of Afefeuzi {Will+}
  3172 | D:4      | Found a faded altar of an unknown god.
  3317 | D:4      | Found a broken altar of Ashenzari.
  3631 | D:5      | Entered Level 5 of the Dungeon
  3792 | D:5      | Noticed Prince Ribbit
  3796 | D:5      | Killed Eustachio
  3797 | D:5      | Reached skill level 5 in Shapeshifting
  3797 | D:5      | Reached XP level 7. HP: 68/68 MP: 6/6
  3804 | D:5      | Killed Prince Ribbit
  3882 | D:5      | Found a sparkling altar of Nemelex Xobeh.
  4522 | D:6      | Noticed Blork the orc
  4530 | D:6      | Killed Blork the orc
  4718 | D:6      | Reached XP level 8. HP: 79/79 MP: 7/7
  4945 | D:6      | Reached skill level 6 in Shapeshifting
  5047 | D:6      | Found a runed translucent door.
  5048 | D:6      | Noticed Crazy Yiuf
  5056 | D:6      | Killed Crazy Yiuf
  5388 | D:6      | Reached skill level 5 in Fighting
  5388 | D:6      | Reached skill level 5 in Unarmed Combat
  5556 | D:6      | Noticed Grinder
  5576 | D:6      | Paralysed by Grinder for 2 turns
  5585 | D:6      | Killed Grinder
  6034 | D:7      | Reached skill level 7 in Shapeshifting
  6034 | D:7      | Reached XP level 9. HP: 57/89 MP: 8/8
  6115 | D:7      | Found a flagged portal.
  6131 | Bailey   | Entered a bailey
  6498 | Bailey   | HP: 3/92 [orc warrior/+0 war axe (17)]
  6499 | Bailey   | Mangled by an orc warrior

Illustrated notes

Levels and vault maps discovered:
D:1:      spicycebolla_arrival_xxxplode, layout_loops_cross,
          hangedman_abyss_or_decor_stabs, due_unseen_surprise
D:2:      layout_basic
D:3:      layout_loops_ring
D:4:      minmay_wonky_spiral, layout_cave_pools, lemuel_tele_altar,
          minmay_temple_entry_grid, serial_column_ruins, column_ruins_hut_water,
          column_ruins_temple_hut, column_ruins_open_small, column_ruins_grid_1,
          column_ruins_open_tiny, column_ruins_columns_straight,
          column_ruins_corridor_straight, column_ruins_open_small,
          column_ruins_open_small
D:5:      layout_rooms, nemelex_altar_shiori, serial_corexii_hall,
          corexii_hall_statues_i, corexii_hall_statues_i, uniq_prince_ribbit1,
          uniq_eustachio
D:6:      layout_basic, minmay_misc_feat_cross, uniq_blork_the_orc,
          uniq_grinder, uniq_crazy_yiuf_cottage
D:7:      layout_cave_pools, serial_shops, nicolae_shop_hallway_stairs,
          enter_bailey_5, nicolae_fountain_basement, uniq_jeremiah
Temple:   hellmonk_temple_two_chambers
Bailey:   bailey_axe_minmay_hex_keep, bailey

Skill      XL: |  1  2  3  4  5  6  7  8  9 |
---------------+----------------------------+-----
Fighting       | 1 2 3 4 5 6 |  6.4
Dodging        | 2 3 4 |  4.5
Shapeshifting  | 4 5 7 |  7.7
Unarmed Combat | 4 5 |  5.9

Action                     |  1- 3 |  4- 6 |  7- 9 || total
---------------------------+-------+-------+-------++-------
  Melee: Unarmed           |    53 |   114 |   223 ||   390
  Throw: Stone             |       |       |    10 ||    10
 Invoke: Reject Sacrifices |       |       |     1 ||     1
Ability: Begin Untransform |       |       |     1 ||     1
    Use: Scroll            |       |     3 |     6 ||     9
         Potion            |       |       |     1 ||     1
   Stab: Sleeping          |     1 |     3 |       ||     4
 Armour: Animal skin       |    40 |    62 |   128 ||   230
  Dodge: Dodged            |    31 |    61 |   123 ||   215
   Form: Beast             |       |       |     1 ||     1
